 Dungeon Crawl Stone Soup version 0.28-a0-1435-g82390b3a13 (webtiles) character file.

Game seed: 12890921610884635106

32 browni3141 the Shield-Bearer (level 3, 0/29 HPs)
             Began as a Human Fighter on Jan 10, 2022.
             Slain by a goblin (1 damage)
             ... on level 2 of the Dungeon.
             The game lasted 00:01:58 (1686 turns).

browni3141 the Shield-Bearer (Human Fighter)        Turns: 1686, Time: 00:01:58

Health: 0/29       AC:  5    Str: 18    XL:     3   Next: 42%
Magic:  3/3        EV: 10    Int:  8    God:
Gold:   73         SH:  5    Dex: 12    Spells: 2/2 levels left

rFire   . . .      SeeInvis .   a - +0 long sword
rCold   . . .      Faith    .   c - +0 buckler
rNeg    + . .      Spirit   .   f - +0 ring mail {rN+}
rPois   .          Reflect  .   (no helmet)
rElec   .          Harm     .   (no cloak)
rCorr   .          Rampage  .   (no gloves)
Will    .....                   (no boots)
Stlth   +.........              (no amulet)
HPRegen 0.09/turn               (no ring)
MPRegen 0.08/turn               (no ring)

@: no status effects
A: no striking features
a: no special abilities


You were on level 2 of the Dungeon.
You visited 1 branch of the dungeon, and saw 2 of its levels.

You collected 73 gold pieces.

Inventory:

Hand Weapons
 a - a +0 long sword (weapon)
Missiles
 m - 5 poisoned darts (quivered)
Armour
 b - a +0 scale mail
 c - a +0 buckler (worn)
 f - a +0 ring mail of positive energy (worn)
Jewellery
 k - a ring of wizardry
Scrolls
 g - a scroll of enchant weapon {unknown}
 h - a scroll of enchant armour {unknown}
 i - a scroll of immolation {unknown}
 l - a scroll of identify {unknown}
Potions
 d - a potion of might
 e - 2 potions of curing {unknown}
 j - a potion of invisibility {unknown}


   Skills:
 - Level 3.0 Fighting
 - Level 2.0 Long Blades
 - Level 3.0 Armour
 * Level 4.3 Shields


You had 2 spell levels left.
You didn't know any spells.
Your spell library contained the following spells:

 Spells                   Type           Power      Damage    Failure   Level
 Ensorcelled Hibernation  Hex/Ice        0%         N/A       83%         2
 Spider Form              Tmut/Pois      0%         N/A       96%         3
 Iskenderun's Battlesphe  Conj           0%         2d6       100%        5
 Iron Shot                Conj/Erth      0%         9d1       100%        6
 Spellforged Servitor     Conj/Summ      0%         N/A       100%        7


Dungeon Overview and Level Annotations

Branches:
Dungeon (2/15)

Altars:
Nemelex Xobeh


Message History

The endoplasm freezes you.
You are frozen.
The endoplasm hits you but does no damage.
The goblin shoots a stone.
You block the stone. The endoplasm closely misses you.
You hit the endoplasm.
The endoplasm is severely wounded.
The endoplasm freezes you.
You are frozen.
* * * LOW HITPOINT WARNING * * *
You hit the endoplasm but do no damage.
The endoplasm is severely wounded.
The endoplasm hits you.
* * * LOW HITPOINT WARNING * * *
The endoplasm hits you but does no damage.
You barely miss the endoplasm.
The endoplasm is severely wounded.
The endoplasm hits you but does no damage.
You hit the endoplasm.
The endoplasm is almost dead.
The endoplasm freezes you.
You are frozen.
* * * LOW HITPOINT WARNING * * *
You hit the endoplasm.
You kill the endoplasm!
You block the endoplasm's attack.
You hit the endoplasm.
The endoplasm is almost dead.
The endoplasm hits you but does no damage.
You slash the endoplasm!
You kill the endoplasm!
The goblin shoots a stone.
The stone hits you.
* * * LOW HITPOINT WARNING * * *
The stone freezes you.
* * * LOW HITPOINT WARNING * * *
The goblin shoots a stone.
You block the stone.
The goblin unwields a +2 hunting sling of freezing.
The goblin wields a +0 short sword.
The goblin hits you with a +0 short sword.
You die...

...............# #..........
...............# #..........
########.......# #..........
########.......# #..........
...............# #.....#....
...............# #..........
...............# #.†........
########.......####..........
# #........@g.......>### #
#.......##......#### #
#.......##......# #
#.......######### #
#.....)... # ##......... ##
#.........# #. #.........#
##. #..


You could see a goblin.

Vanquished Creatures
  A worm (D:1)
  A dart slug (D:1)
  2 endoplasms (D:2)
  2 goblins (D:1)
  3 hobgoblins
  2 quokkas
  6 ball pythons
  3 bats (D:1)
  3 frilled lizards (D:1)
  A kobold (D:1)
  4 rats
28 creatures vanquished.

Notes
Turn   | Place    | Note
-------+----------+-------------------------------------------
     0 | D:1      | browni3141 the Human Fighter began the quest for the Orb.
     0 | D:1      | Reached XP level 1. HP: 18/18 MP: 1/1
   349 | D:1      | Reached XP level 2. HP: 24/24 MP: 2/2
   420 | D:1      | Found a faded altar of an unknown god.
   932 | D:2      | Found a sparkling altar of Nemelex Xobeh.
  1454 | D:1      | Reached skill level 4 in Shields
  1454 | D:1      | Reached XP level 3. HP: 26/29 MP: 3/3
  1685 | D:2      | HP: 1/29 [goblin/stone (1)]
  1686 | D:2      | Slain by a goblin

Illustrated notes

Levels and vault maps discovered:
D:1:      zaba_arrival_water, layout_loops_ring, basic_ecumenical_altar
D:2:      layout_basic, basic_altar

Skill      XL: |  1  2 |
---------------+-------+-----
Shields        | 4 |  4.3
Fighting       | |  3.0
Long Blades    | |  2.0
Armour         | |  3.0

Action                   || total
-------------------------++-------
Melee: Long sword        ||   103
Armor: Scale mail        ||     9
       Ring mail         ||    36
Dodge: Dodged            ||    49
Block: Buckler           ||    23

Table legend: (Time is in decaauts)
 A = Elapsed time spent in this place.
 B = Non-inter-level travel time spent in this place.
 C = Inter-level travel time spent in this place.
 D = Time resting spent in this place.
 E = Time spent auto-exploring this place.
 F = Levels seen in this place.
 G = Mean time per level.
                   A        B        C        D        E       F      G
               +--------+--------+--------+--------+--------+-----+--------+
         Total |   1730 |   1705 |     25 |    299 |   1077 |   2 |  865.0 |
       Dungeon |   1730 |   1705 |     25 |    299 |   1077 |   2 |  865.0 |
               +--------+--------+--------+--------+--------+-----+--------+

Top non-repeatable levels by time:
     D:1: 1262 daAuts
     D:2: 468 daAuts
